 Dungeon Crawl Stone Soup version 0.30-a0-757-ga6a79fd877 (webtiles) character file.

Game seed: 670470475398189616

140 scionoferis the Ducker (level 4, 0/36 HPs)
             Began as a Demigod Hexslinger on Feb 9, 2023.
             Killed by nerve-wracking pain
             ... invoked by an orc priest
              (11 damage)
             ... on level 4 of the Dungeon.
             The game lasted 00:05:43 (2982 turns).

scionoferis the Ducker (Demigod Hexslinger)         Turns: 2982, Time: 00:05:43

Health: 0/36       AC:  2    Str: 11    XL:     4   Next: 72%
Magic:  8/8        EV: 18    Int: 15    God:
Gold:   363        SH:  0    Dex: 18    Spells: 4/5 levels left

rFire   . . .      SeeInvis .    a - +2 trident (venom)
rCold   . . .      Faith    .    (no shield)
rNeg    . . .      Spirit   .    c - +0 robe
rPois   .          Reflect  .    (no helmet)
rElec   .          Harm     .    (no cloak)
rCorr   .          Rampage  .    (no gloves)
Will    .....                    (no boots)
Stlth   ++                       (no amulet)
HPRegen 0.26/turn                f - ring of flight
MPRegen 0.11/turn                s - +5 ring of evasion

@: flying
A: high MP 1, forlorn, divine attributes
a: no special abilities


You were on level 4 of the Dungeon.
You visited 1 branch of the dungeon, and saw 4 of its levels.

You collected 363 gold pieces.


Innate Abilities, Weirdness & Mutations

You have an increased reservoir of magic. (+10% MP)
You shall have no god before yourself.
Your divine heritage dramatically boosts your attributes as you level up.


   Skills:
 + Level 2.0 Fighting
 * Level 2.0 Long Blades
 - Level 1.7 Ranged Weapons
 * Level 3.1 Dodging
 + Level 1.7 Stealth
 - Level 1.0 Spellcasting
 - Level 2.6 Hexes


You had 4 spell levels left.
You knew the following spells:

 Your Spells              Type           Power      Damage    Failure   Level
a - Slow                  Hex            32%        N/A       9%          1

Your spell library contained the following spells:

 Spells                   Type           Power      Damage    Failure   Level
 Dazzling Flash           Conj/Hex       8%         N/A       38%         3
 Inner Flame              Hex/Fire       4%         N/A       38%         3
 Portal Projectile        Hex/Tloc       8%         N/A       38%         3
 Summon Guardian Golem    Hex/Summ       4%         N/A       38%         3
 Cause Fear               Hex            4%         N/A       63%         4
 Iskenderun's Mystic Bla  Conj/Tloc      0%         2d3       94%         4
 Starburst                Conj/Fire      0%         6d3       100%        6
 Orb of Destruction       Conj           0%         9d5       100%        7
 Spellforged Servitor     Conj/Summ      0%         N/A       100%        7

Inventory:

Hand Weapons
 a - a +2 trident of venom (weapon)
   (You found it on level 2 of the Dungeon)
 b - a +1 sling
 j - a +0 dagger
   (You took it off a goblin on level 1 of the Dungeon)
 v - a +0 long sword
   (You found it on level 4 of the Dungeon)
Armour
 c - a +0 robe (worn)
 g - an orb of guile
   (You found it on level 1 of the Dungeon)
Jewellery
 f - a ring of flight (left hand)
   (You found it on level 1 of the Dungeon)
 p - a ring of fire
   (You found it on level 2 of the Dungeon)
 s - a +5 ring of evasion (right hand)
   (You found it on level 3 of the Dungeon)
Wands
 u - a wand of iceblast (9)
   (You took it off Ijyb on level 4 of the Dungeon)
Scrolls
 e - 3 scrolls of enchant armour {unknown}
 i - 3 scrolls of teleportation {unknown}
 k - 3 scrolls of identify {unknown}
 l - a scroll of poison
 n - a scroll of silence {unknown}
 x - 2 scrolls of fog {unknown}
Potions
 d - a potion of attraction {unknown}
 h - a potion of brilliance {unknown}
 m - 2 potions of heal wounds {unknown}
 o - 2 potions of curing {unknown}
 q - a potion of degeneration {unknown}
 r - a potion of lignification {unknown}
 t - a potion of flight {unknown}
 w - a potion of might {unknown}

Dungeon Overview and Level Annotations

Branches:
Dungeon (4/15)
 Temple: D:4-7

Annotations:
D:4 3 runed translucent doors, sircluck's ghost, novice TrFi

#.# #.....
#+########)######...
#..........#........
#..........#.####...
#........†.#.# ####
#.........##.#
#.........##.#
#...o........#
#.)@......####
#o######### # #'# #
#.....# # #.....# #
#.....# # #.....o. #
#.....oo. #
'......... #


You could see an orc priest (very poisoned) and an orc.


Message History

Welcome, scionoferis the Demigod Hexslinger.
The marvelous Orb of Zot lies far below, as if waiting for you to find it.
Press ? for a list of commands and other information.
Found an escape hatch in the floor.
Found a staircase leading out of the dungeon.
You open the door.
There is an open door here.
d - a sapphire potion You now have 6 gold pieces.
A ball python comes into view.
You shoot a sling bullet. The sling bullet hits the ball python.
You kill the ball python!
No target in view!
No target in view!
No target in view!
You now have 8 gold pieces (gained 2).
A dart slug comes into view.
The dart slug launches a dart at you. The slug dart misses you.
You shoot a sling bullet. The sling bullet hits the dart slug.
The dart slug is heavily wounded.
The dart slug launches a dart at you. The slug dart hits you.
You shoot a sling bullet.
The sling bullet hits the dart slug but does no damage.
The dart slug is heavily wounded.
You shoot a sling bullet. The sling bullet hits the dart slug.
The dart slug is severely wounded.
You shoot a sling bullet.
The sling bullet barely misses the dart slug.
You shoot a sling bullet.
The sling bullet barely misses the dart slug.
The dart slug launches a dart at you. The slug dart misses you.
You shoot a sling bullet. The sling bullet hits the dart slug.
You kill the dart slug!
Your Fighting skill increases to level 1!
Your Dodging skill increases to level 2!
No target in view!
No target in view!
HP restored.
A bat comes into view.
You shoot a sling bullet.
The sling bullet closely misses the bat.
The bat completely misses you.
You shoot a sling bullet.
The sling bullet closely misses the bat.
The bat closely misses you.
You shoot a sling bullet. The sling bullet misses the bat.
The bat hits you. The bat completely misses you.
You shoot a sling bullet. The sling bullet hits the bat!
You kill the bat!
No target in view!
You see here a bat corpse.
Found a stone staircase leading down.
There is a stone staircase leading down here.
e - a scroll labelled MEDES JIOVEA
Found a stone staircase leading down.
You now have 26 gold pieces (gained 18).
Found a stone staircase leading down.
A hobgoblin comes into view.
You shoot a sling bullet. The sling bullet hits the hobgoblin.
You kill the hobgoblin!
No target in view!
No target in view!
You now have 33 gold pieces (gained 7).
Found 2 stones.
No target in view!
A frilled lizard comes into view.
You shoot a sling bullet.
The sling bullet hits the frilled lizard.
You kill the frilled lizard!
No target in view!
No target in view!
You now have 42 gold pieces (gained 9).
f - a ring of flight You now have 57 gold pieces (gained 15).
e - 2 scrolls labelled MEDES JIOVEA (gained 1)
A quokka comes into view.
Found 14 gold pieces.
You fly up into the air.
f - a ring of flight (left hand)
You shoot a sling bullet. The sling bullet hits the quokka.
The quokka is moderately wounded.
You shoot a sling bullet.
The sling bullet barely misses the quokka.
You shoot a sling bullet.
The sling bullet completely misses the quokka.
You shoot a sling bullet. The sling bullet misses the quokka.
You shoot a sling bullet. The sling bullet hits the quokka.
You kill the quokka!
No target in view!
No target in view!
A giant cockroach comes into view.
Found 15 gold pieces.
No reachable target in view!
No reachable target in view!
A giant cockroach is nearby!
Found a coppery potion and a glowing orb.
Found a leather armour.
A bat comes into view.
You shoot a sling bullet. The sling bullet hits the bat.
You kill the bat!
You shoot a sling bullet.
The sling bullet hits the giant cockroach.
The giant cockroach is severely wounded.
You shoot a sling bullet.
The sling bullet hits the giant cockroach.
You kill the giant cockroach!
You have reached level 2!
You see here a giant cockroach corpse.
Found 11 gold pieces.
You now have 71 gold pieces (gained 14).
You see here an orb of guile.
g - an orb of guile You now have 86 gold pieces (gained 15).
h - a coppery potion You now have 97 gold pieces (gained 11).
You see here a giant cockroach corpse.
You now have 108 gold pieces (gained 11).
You reach down and open the door.
Found an escape hatch in the floor.
You reach down and open the door.
Found an escape hatch in the floor.
There is an open door here.
You reach down and open the door.
An endoplasm comes into view.
You shoot a sling bullet.
The sling bullet hits the endoplasm but does no damage.
The endoplasm quivers.
You shoot a sling bullet. The sling bullet hits the endoplasm.
The endoplasm is lightly wounded.
The endoplasm jiggles.
The endoplasm freezes you.
You are frozen.
You shoot a sling bullet.
The sling bullet barely misses the endoplasm.
The endoplasm hits you.
You shoot a sling bullet.
The sling bullet hits the endoplasm but does no damage.
The endoplasm is lightly wounded.
The endoplasm closely misses you. x2
You shoot a sling bullet. The sling bullet hits the endoplasm.
The endoplasm is almost dead.
The endoplasm freezes you.
You are frozen.
You shoot a sling bullet. The sling bullet hits the endoplasm.
You kill the endoplasm!
No target in view!
No target in view!
There is an open door here.
i - a scroll labelled DUEGIU ERROH
There is an open door here.
There is a stone staircase leading down here.
A goblin comes into view. It is wielding a +0 dagger.
You shoot a sling bullet. The sling bullet hits the goblin!
You kill the goblin!
No target in view!
No target in view!
You see here a +0 dagger.
Done exploring.
You see here a +0 dagger.
j - a +0 dagger
There is a stone staircase leading down here.
You fly downwards.
Found 14 gold pieces.
There is a stone staircase leading up here.
Search for what [? for help]? d: You now have 122 gold pieces (gained 14).
Found an iron altar of Okawaru.
You now have 129 gold pieces (gained 7).
Found an escape hatch in the floor.
Found an escape hatch in the ceiling.
k - a scroll labelled ARERGH ITYLUNA You now have 147 gold pieces (gained 18).
Found a stone staircase leading up.
Found a robe.
There is a stone staircase leading up here.
You reach down and open the door.
There is an open door here.
You reach down and open the door.
There is an open door here.
i - 2 scrolls labelled DUEGIU ERROH (gained 1)
A ball python comes into view.
You shoot a sling bullet. The sling bullet hits the ball python!
You kill the ball python!
No target in view!
No target in view!
No target in view!
A quokka comes into view.
You shoot a sling bullet. The sling bullet hits the quokka.
The quokka is heavily wounded.
You shoot a sling bullet. The sling bullet hits the quokka.
You kill the quokka!
No target in view!
No target in view!
You see here a +2 trident of venom.
l - a +2 trident of venom Adjust to which letter? (? for menu, Esc to quit)
a - a +2 trident of venom;
l - a +1 sling (weapon)
Adjust to which letter? (? for menu, Esc to quit)
b - a +1 sling (weapon);
l - a scroll of poison You reach down and open the door.
A frilled lizard comes into view.
The frilled lizard hisses angrily.
You shoot a sling bullet.
The sling bullet barely misses the frilled lizard.
You hear a shout!
A goblin comes into view. It is wielding a +0 dagger.
The goblin moves out of view.
You shoot a sling bullet.
The sling bullet barely misses the frilled lizard.
A quokka comes into view.
You shoot a sling bullet.
The sling bullet barely misses the frilled lizard.
Your +2 trident of venom begins to drip with poison!
a - a +2 trident of venom (weapon)
The frilled lizard completely misses you.
You hit the frilled lizard.
You kill the frilled lizard!
You hit the quokka.
The quokka is heavily wounded.
The quokka barely misses you. x2
You hit the quokka.
You kill the quokka!
The goblin hits you with a +0 dagger.
You completely miss the goblin. The goblin hits you with a +0 dagger.
You hit the goblin.
You kill the goblin!
No target in view!
No target in view!
Your +2 trident of venom stops dripping with poison.
b - a +1 sling (weapon)
HP restored.
There is an open door, spattered with blood here.
Items here: ) †††.
You now have 161 gold pieces (gained 14).
e - 3 scrolls labelled MEDES JIOVEA (gained 1)
You reach down and open the door.
There is an open door here.
You now have 168 gold pieces (gained 7).
A goblin comes into view. It is wielding a +0 club.
You shoot a sling bullet. The sling bullet hits the goblin.
You kill the goblin!
No target in view!
No target in view!
Things that are here:
a +0 club; a goblin corpse
m - a white potion A ball python comes into view.
The ball python hisses angrily.
You shoot a sling bullet.
The sling bullet barely misses the ball python.
No target in view!
No target in view!
Your +2 trident of venom begins to drip with poison!
a - a +2 trident of venom (weapon)
You reach to attack!
You barely miss the ball python. You hit the ball python.
You kill the ball python!
No target in view!
No target in view!
Your +2 trident of venom stops dripping with poison.
b - a +1 sling (weapon)
You now have 177 gold pieces (gained 9).
n - a scroll labelled LYVONN JUWIOX
o - a smoky brown potion
Found a stone staircase leading down.
You now have 187 gold pieces (gained 10).
You reach down and open the door.
There is an open door here.
You reach down and open the door.
There is an open door here.
p - a ring of fire A rat comes into view.
You shoot a sling bullet. The sling bullet hits the rat.
You kill the rat!
No target in view!
No target in view!
You see here a rat corpse.
You see here a rat corpse.
Found a stone staircase leading down.
You now have 198 gold pieces (gained 11).
A goblin comes into view. It is wielding a +0 club.
You shoot a sling bullet.
The sling bullet hits the goblin but does no damage.
You shoot a sling bullet.
The sling bullet closely misses the goblin.
You shoot a sling bullet.
The sling bullet closely misses the goblin.
You shoot a sling bullet. The sling bullet hits the goblin.
You kill the goblin!
Your Stealth skill increases to level 1!
You see here a +0 club.
Found a stone staircase leading down.
An adder comes into view.
You shoot a sling bullet.
The sling bullet hits the adder but does no damage.
The adder hisses angrily.
You shoot a sling bullet.
The sling bullet completely misses the adder.
Your +2 trident of venom begins to drip with poison!
a - a +2 trident of venom (weapon)
You reach to attack!
You barely miss the adder. The adder closely misses you.
You closely miss the adder. The adder misses you. The adder barely misses you.
You hit the adder.
The adder is moderately wounded.
The adder completely misses you.
You miss the adder.
The adder is moderately wounded.
The adder closely misses you. x2
You hit the adder.
The adder is poisoned.
The adder is almost dead.
The adder bites you. x2
You are poisoned.
The adder poisons you!
You miss the adder.
The adder is almost dead.
You feel sick. The adder barely misses you. The adder misses you.
You completely miss the adder.
The adder is almost dead.
You feel sick.
You kill the adder!
No target in view!
Your +2 trident of venom stops dripping with poison.
b - a +1 sling (weapon)
You feel sick.
You are no longer poisoned.
You now have 205 gold pieces (gained 7).
You reach down and open the door.
There is an open door here.
Found a stone staircase leading up.
There is a stone staircase leading down here.
There is a stone staircase leading up here.
There is a stone staircase leading down here.
There is an open door here.
You see here an adder corpse.
There is a stone staircase leading down here.
You now have 211 gold pieces (gained 6).
There is a stone staircase leading down here.
An adder comes into view.
The adder hisses angrily.
No reachable target in view!
An adder is nearby!
The adder bites you but does no damage. The adder closely misses you.
Your +2 trident of venom begins to drip with poison!
a - a +2 trident of venom (weapon)
You miss the adder. The adder bites you. The adder misses you.
You puncture the adder!
The adder is poisoned.
The adder is severely wounded.
The adder bites you. The adder misses you.
You hit the adder.
You kill the adder!
You have reached level 3!
Your experience leads to a dramatic increase in your attributes!
Increase (S)trength, (I)ntelligence, or (D)exterity?
You feel agile. x4
You now have 228 gold pieces (gained 17).
There is an open door, spattered with blood here.
You see here a +0 dagger.
There is an open door, spattered with blood here.
You see here a +0 dagger.
There is an open door here.
Done exploring.
Your +2 trident of venom stops dripping with poison.
b - a +1 sling (weapon)
Done exploring.
There is an escape hatch in the floor here.
There is an open door here.
There is a stone staircase leading down here.
Search for what [Enter for "d:", or ? for help]? d: You fly downwards.
There is a stone staircase leading up here.
Found a stone staircase leading down.
A worm comes into view.
You shoot a sling bullet.
The sling bullet barely misses the worm.
You shoot a sling bullet. The sling bullet hits the worm.
The worm is moderately wounded.
You shoot a sling bullet. The sling bullet hits the worm.
The worm is heavily wounded.
You shoot a sling bullet. The sling bullet hits the worm.
The worm is severely wounded.
A frilled lizard comes into view.
You shoot a sling bullet.
The sling bullet barely misses the frilled lizard.
Your +2 trident of venom begins to drip with poison!
a - a +2 trident of venom (weapon)
The frilled lizard bites you.
You closely miss the frilled lizard.
The frilled lizard bites you but does no damage.
You hit the frilled lizard.
You kill the frilled lizard!
You hit the worm.
The worm is poisoned.
The worm is heavily wounded.
The worm closely misses you.
You puncture the worm!
You kill the worm!
Your Long Blades skill increases to level 1!
No target in view!
No target in view!
Your +2 trident of venom stops dripping with poison.
b - a +1 sling (weapon)
HP restored.
q - an emerald potion
Found a hide-covered altar of Uskayaw.
Found a bloodstained altar of Trog.
Found 7 stones.
Found a falchion.
Found a stone staircase leading up.
Found 12 gold pieces.
Found a peridot ring.
You see here a +0 falchion.
r - a +0 falchion You now have 240 gold pieces (gained 12).
s - a +5 ring of evasion
s - a +5 ring of evasion (right hand)
You now have 258 gold pieces (gained 18).
You now have 262 gold pieces (gained 4).
An adder comes into view.
You shoot a sling bullet. The sling bullet hits the adder!
The adder is almost dead.
A rat comes into view.
You shoot a sling bullet. The sling bullet hits the adder!
You kill the adder!
You shoot a sling bullet. The sling bullet hits the rat.
You kill the rat!
k - 2 scrolls labelled ARERGH ITYLUNA (gained 1)
You now have 271 gold pieces (gained 9).
A goblin comes into view. It is wielding a +0 club.
Found 7 gold pieces.
You shoot a sling bullet. The sling bullet hits the goblin.
You kill the goblin!
No target in view!
You now have 278 gold pieces (gained 7).
You now have 292 gold pieces (gained 14).
You pick up a book of Spectacle and begin reading...
You add the spells Dazzling Flash, Iskenderun's Mystic Blast and Starburst to your library.
You see here a +0 plate armour.
As you open the door, it creaks loudly!
A rat comes into view.
You shoot a sling bullet. The sling bullet hits the rat!
You kill the rat!
Your +2 trident of venom begins to drip with poison!
a - a +2 trident of venom (weapon)
Your +2 trident of venom stops dripping with poison.
b - a +1 sling (weapon)
There is an open door here.
You see here a rat corpse.
As you open the large door, it creaks loudly!
An endoplasm comes into view.
The endoplasm quivers.
You shoot a sling bullet. The sling bullet hits the endoplasm!
You kill the endoplasm!
No target in view!
There is a large open door here.
Found a flail.
You reach down and open the large door.
There is a large open door here.
Found a stone staircase leading down.
There is a stone staircase leading down here.
Found a ring mail.
o - 2 smoky brown potions (gained 1)
You see here a +0 ring mail.
Found 2 stones.
You see here an adder corpse.
You reach down and open the door.
Found a snail-covered altar of Cheibriados and a hazy altar of Hepliaklqana.
There is an open door here.
There is an open door here.
Found a stone staircase leading down.
t - a red potion
Found a club.
An endoplasm comes into view.
You shoot a sling bullet. The sling bullet hits the endoplasm.
The endoplasm is moderately wounded.
The endoplasm hits you.
You shoot a sling bullet. The sling bullet hits the endoplasm.
You kill the endoplasm!
Your +2 trident of venom begins to drip with poison!
a - a +2 trident of venom (weapon)
Your +2 trident of venom stops dripping with poison.
b - a +1 sling (weapon)
Found a stone staircase leading up.
You reach down and open the door.
Done exploring.
Search for what [Enter for "d:", or ? for help]? d: Unknown command.
There is a stone staircase leading down here.
Unknown command.
You fly downwards.
There is a stone staircase leading up here.
Found a stone staircase leading down.
As you open the door, it creaks loudly!
Found a runed translucent gate.
Sircluck's ghost turns its malevolent gaze towards you.
Ijyb the Twisted Goblin comes into view.
She is wielding a +0 club and carrying a wand of iceblast (9).
Press: ? - help, v - describe, . - travel
Here: sircluck's ghost (fire blocked by a runed translucent door)
The floor.
Unknown command.
Found a leather armour.
Your +2 trident of venom begins to drip with poison!
a - a +2 trident of venom (weapon)
Ijyb shouts!
Ijyb closely misses you.
You barely miss Ijyb. Your punch misses Ijyb. Ijyb hits you with a +0 club.
You closely miss Ijyb. Ijyb misses you. Ijyb barely misses you.
You hit Ijyb.
Ijyb is poisoned.
Ijyb is lightly wounded.
Ijyb closely misses you.
You hit Ijyb but do no damage.
Ijyb looks as sick as possible!
Ijyb is lightly wounded.
Ijyb misses you.
You hit Ijyb but do no damage.
Ijyb looks as sick as possible!
Ijyb is lightly wounded.
Ijyb closely misses you. Ijyb hits you but does no damage.
You closely miss Ijyb.
Ijyb is lightly wounded.
Ijyb hits you with a +0 club.
You puncture Ijyb!
Ijyb is severely wounded.
Ijyb hits you but does no damage.
You barely miss Ijyb.
Ijyb is severely wounded.
Ijyb misses you.
You hit Ijyb but do no damage.
Ijyb looks as sick as possible!
Ijyb is almost dead.
You kill Ijyb!
You have reached level 4!
u - a wand of iceblast (9)
Things that are here:
a +0 club; a +0 chain mail Your +2 trident of venom stops dripping with poison.
b - a +1 sling (weapon)
Sircluck's ghost whispers, "Death doesn't hurt.
What you feel is life."
HP restored.
You now have 311 gold pieces (gained 19).
Sircluck's ghost shouts, "What do you have that I didn't have?"
Things that are here:
a +0 club; a +0 chain mail You reach down and open the door.
An endoplasm comes into view.
Found a ring mail.
You shoot a sling bullet. The sling bullet hits the endoplasm.
You kill the endoplasm!
There is an open door here.
Found a stone staircase leading up.
An adder comes into view.
You shoot a sling bullet.
The sling bullet hits the adder but does no damage.
The adder hisses angrily.
You shoot a sling bullet.
The sling bullet barely misses the adder.
The adder barely misses you.
Your +2 trident of venom begins to drip with poison!
a - a +2 trident of venom (weapon)
The adder bites you.
You are poisoned.
The adder poisons you!
You barely miss the adder.
You feel sick. The adder closely misses you.
You closely miss the adder.
You feel sick. The adder bites you but does no damage. The adder bites you.
You are more poisoned.
The adder poisons you!
You barely miss the adder.
You feel sick. The adder closely misses you. The adder misses you.
You puncture the adder!
The adder is poisoned.
The adder is almost dead.
You feel sick. The adder bites you.
You hit the adder.
You kill the adder!
You feel sick.
No target in view!
Your +2 trident of venom stops dripping with poison.
b - a +1 sling (weapon)
You feel sick.
You start resting.
You feel sick.
You are no longer poisoned.
HP restored.
You see here an adder corpse.
Found 6 stones.
Found a long sword.
Found a white potion.
You see here a +0 long sword.
v - a +0 long sword You drop a +0 falchion.
m - 2 white potions (gained 1)
You pick up a book of Dangerous Friends and begin reading...
You add the spells Summon Guardian Golem, Orb of Destruction and Spellforged Servitor to your library.
You now have 320 gold pieces (gained 9).
You reach down and open the door.
An ogre and an endoplasm come into view.
The ogre shouts!
There is an open door here.
Search for what [Enter for "d:", or ? for help]? throw
Casting: Slow (safe; 9% risk of failure)
Confirm with . or Enter, or press ? or * to list all spells.
Aiming: Slow (safe; 9% risk of failure)
Press: ? - help, Shift-Dir - straight line, f - ogre
Aim: an ogre, wielding a +0 giant spiked club (chance to affect: 41%)
The ogre resists with some effort.
Casting: Slow (safe; 9% risk of failure)
Confirm with . or Enter, or press ? or * to list all spells.
Aiming: Slow (safe; 9% risk of failure)
Press: ? - help, Shift-Dir - straight line, f/p - ogre
Aim: an ogre, wielding a +0 giant spiked club (chance to affect: 41%)
The ogre resists with some effort.
Casting: Slow (safe; 9% risk of failure)
Confirm with . or Enter, or press ? or * to list all spells.
Aiming: Slow (safe; 9% risk of failure)
Press: ? - help, Shift-Dir - straight line, f/p - ogre
Aim: an ogre, wielding a +0 giant spiked club (chance to affect: 41%)
The ogre seems to slow down.
You see here a +0 falchion.
You see here 6 stones.
You see here an adder corpse.
There is a stone staircase leading up here.
You fly upwards.
There is a stone staircase leading down here.
You reach down and open the door.
There is an open door here.
There is an open door here.
There is a stone staircase leading down here.
You fly downwards.
Level annotation: 3 runed translucent doors, sircluck's ghost, novice TrFi
There is a stone staircase leading up here.
An adder comes into view.
Found a yellow potion.
You shoot a sling bullet.
The sling bullet hits the adder but does no damage.
The adder hisses angrily.
You shoot a sling bullet.
The sling bullet barely misses the adder.
Your +2 trident of venom begins to drip with poison!
a - a +2 trident of venom (weapon)
You reach to attack!
You hit the adder.
The adder is poisoned.
The adder is lightly wounded.
The adder completely misses you.
You hit the adder but do no damage.
The adder looks as sick as possible!
The adder is moderately wounded.
The adder closely misses you. The adder bites you but does no damage.
You closely miss the adder.
The adder is moderately wounded.
The adder bites you.
You are poisoned.
The adder poisons you!
You closely miss the adder.
The adder is heavily wounded.
You feel sick. The adder bites you. x2
You closely miss the adder.
The adder is severely wounded.
You feel sick.
You kill the adder!
Your Dodging skill increases to level 3!
No target in view!
You start resting.
You feel sick.
You are no longer poisoned.
Your +2 trident of venom stops dripping with poison.
b - a +1 sling (weapon)
HP restored.
r - a yellow potion An ogre is nearby!
The ogre shouts!
There is a stone staircase leading up here.
You fly upwards.
There is a stone staircase leading down here.
There is a stone staircase leading down here.
You fly downwards.
Level annotation: 3 runed translucent doors, sircluck's ghost, novice TrFi
There is a stone staircase leading up here.
A ball python comes into view.
Found a scroll labelled ARERGH ITYLUNA.
You shoot a sling bullet. The sling bullet hits the ball python!
You kill the ball python!
No target in view!
k - 3 scrolls labelled ARERGH ITYLUNA (gained 1)
You see here a ball python corpse.
w - a lumpy brown potion A hobgoblin comes into view.
You shoot a sling bullet. The sling bullet hits the hobgoblin.
The hobgoblin shouts!
The hobgoblin is severely wounded.
A quokka comes into view.
You shoot a sling bullet. The sling bullet hits the hobgoblin.
You kill the hobgoblin!
You hear a shout!
An orc comes into view. It is wielding a +0 long sword.
You shoot a sling bullet. The sling bullet hits the orc.
The orc is heavily wounded.
You shoot a sling bullet. The sling bullet hits the orc.
The orc is severely wounded.
You shoot a sling bullet. The sling bullet hits the quokka.
You kill the quokka!
Your +2 trident of venom begins to drip with poison!
a - a +2 trident of venom (weapon)
You reach to attack!
You hit the orc but do no damage.
The orc is poisoned.
The orc is severely wounded.
You kill the orc!
No target in view!
Your +2 trident of venom stops dripping with poison.
b - a +1 sling (weapon)
i - 3 scrolls labelled DUEGIU ERROH (gained 1)
You now have 363 gold pieces (gained 43).
Things that are here:
a +0 long sword; a +0 scale mail You see here a hobgoblin corpse.
x - 2 scrolls labelled ZAOFUIM DACKU An orc priest comes into view.
It is wielding a +0 trident.
The orc priest moves out of view.
An orc priest, an orc and an orc wizard come into view.
The orc shouts!
The orc wizard shouts!
You hear a shout! x2
There is an open door here.
An orc priest comes into view. It is wielding a +0 trident.
The orc wizard casts a spell at you.
You are confused.
Your +2 trident of venom begins to drip with poison!
a - a +2 trident of venom (weapon)
You bump into the rock wall.
You feel less confused. The orc priest closely misses you.
The orc priest begins to cast a cantrip, but forgets the words!
The orc priest hits you from afar with a +0 trident.
The orc hits you with a +0 short sword.
You closely miss the orc priest.
The orc priest invokes the aid of Beogh against you.
Pain shoots through your body! The orc priest misses you.
The orc closely misses you.
You hit the orc priest.
The orc priest is poisoned.
You punch the orc priest.
The orc priest is moderately wounded.
The orc closely misses you. The orc priest barely misses you.
The orc priest closely misses you.
You hit the orc priest.
The orc priest looks as sick as possible!
The orc priest is almost dead.
The orc closely misses you. The orc priest misses you.
The orc priest hits you from afar with a +0 trident.
The orc priest misses you. x2; The orc hits you with a +0 short sword.
You closely miss the orc priest.
The orc priest is almost dead.
You kill the orc priest!
The orc hits you with a +0 short sword. The orc priest barely misses you.
Your Fighting skill increases to level 2!
Your Long Blades skill increases to level 2!
Reach: a) +2 trident (venom)
Press: ? - help, Dir - move target, f - orc priest
Aim: an orc priest, wielding a +0 trident (about 37% to evade your +2 trident of venom)
You reach to attack!
You hit the orc priest.
The orc priest is poisoned.
The orc priest is moderately wounded.
The orc completely misses you. The orc priest barely misses you.
Reach: a) +2 trident (venom)
Press: ? - help, Dir - move target, f/p - orc priest
Aim: an orc priest, wielding a +0 trident (moderately wounded, very poisoned, about 37% to evade your +2 trident of venom)
You reach to attack!
You barely miss the orc priest.
The orc priest is moderately wounded.
The orc misses you.
The orc priest hits you from afar with a +0 trident.
Reach: a) +2 trident (venom)
Press: ? - help, Dir - move target, f/p - orc priest
Aim: an orc priest, wielding a +0 trident (moderately wounded, very poisoned, about 37% to evade your +2 trident of venom)
You reach to attack!
You closely miss the orc priest.
The orc priest is moderately wounded.
The orc barely misses you.
The orc priest mumbles some strange prayers to Beogh against you.
Pain shoots through your body!
You die...

Skill      XL: |  1  2  3  4 |
---------------+-------------+-----
Fighting       | 1 2 |  2.0
Dodging        | 2 3 |  3.1
Stealth        | 1 |  1.7
Long Blades    | 1 2 |  2.0
Ranged Weapons | |  1.7
Spellcasting   | |  1.0
Hexes          | |  2.6

Action                     |  1- 3 |  4- 6 || total
---------------------------+-------+-------++-------
  Melee: Trident           |    30 |    18 ||    48
         Punch             |       |     1 ||     1
   Fire: Sling             |    56 |    11 ||    67
   Cast: Slow              |       |     3 ||     3
 Armour: Robe              |     4 |     2 ||     6
  Dodge: Dodged            |    29 |    21 ||    50

Levels and vault maps discovered:
D:1:      minmay_arrival_shoal_huts, layout_rooms, chequers_arboretum,
          minmay_hexomino_u4
D:2:      layout_loops_corners, basic_altar, serial_co_window_serial,
          co_window_of_opportunity_a, co_window_paths_b, co_window_paths_b,
          co_window_paths_a, co_window_paths_a, co_window_corner_a,
          co_window_corner_a, co_window_of_opportunity_c,
          co_window_of_opportunity_b, co_window_of_opportunity_c,
          co_window_unsneaky_path_b, co_window_corner_cb, co_window_broadway_c,
          co_window_2corner, glass_columns_b, glass_columns_b, glass_columns_a,
          glass_columns_a, glass_columns_c, small_statue_intersection
D:3:      layout_basic, nicolae_overflow_two_pavilions,
          gammafunk_temple_overflow_elements, kennysheep_generic_room_15
D:4:      layout_basic, gammafunk_ghost_necromancy, uniq_ijyb

Notes
Turn   | Place    | Note
-------+----------+-------------------------------------------
     0 | D:1      | scionoferis the Demigod Hexslinger began the quest for the
                  | Orb.
     0 | D:1      | Reached XP level 1. HP: 15/15 MP: 4/4
    40 | D:1      | Reached skill level 1 in Fighting
    40 | D:1      | Reached skill level 2 in Dodging
   245 | D:1      | Reached XP level 2. HP: 23/23 MP: 5/5
  1052 | D:2      | Reached skill level 1 in Stealth
  1281 | D:2      | Reached XP level 3. HP: 20/28 MP: 6/6
  1635 | D:3      | Reached skill level 1 in Long Blades
  2256 | D:4      | Found a runed translucent gate.
  2256 | D:4      | Found a runed translucent gate.
  2257 | D:4      | Found a runed translucent gate.
  2259 | D:4      | Noticed sircluck's ghost (novice TrFi)
  2263 | D:4      | Noticed Ijyb
  2306 | D:4      | Killed Ijyb
  2307 | D:4      | Reached XP level 4. HP: 29/36 MP: 8/8
  2512 | D:4      | Noticed an ogre
  2679 | D:4      | Reached skill level 3 in Dodging
  2980 | D:4      | Reached skill level 2 in Fighting
  2980 | D:4      | Reached skill level 2 in Long Blades
  2982 | D:4      | Killed from afar by an orc priest

Vanquished Creatures
  An orc priest (D:4)
  Ijyb (D:4)
  5 adders (D:2 D:3 D:4)
  A worm (D:3)
  A dart slug (D:1)
  An orc (D:4)
  4 ball pythons (D:1 D:2 D:4)
  4 endoplasms (D:1 D:3 D:4)
  A giant cockroach (D:1)
  5 goblins (D:1 D:2 D:3)
  2 hobgoblins (D:1 D:4)
  4 quokkas (D:1 D:2 D:4)
  2 bats (D:1)
  3 frilled lizards (D:1 D:2 D:3)
  3 rats (D:2 D:3)
38 creatures vanquished.

Table legend: (Time is in decaauts)
 A = Elapsed time spent in this place.
 B = Non-inter-level travel time spent in this place.
 C = Inter-level travel time spent in this place.
 D = Time resting spent in this place.
 E = Time spent auto-exploring this place.
 F = Levels seen in this place.
 G = Mean time per level.
                   A        B        C        D        E       F      G
               +--------+--------+--------+--------+--------+-----+--------+
         Total |   3004 |   2867 |    137 |      0 |   2368 |   4 |  751.0 |
       Dungeon |   3004 |   2867 |    137 |      0 |   2368 |   4 |  751.0 |
               +--------+--------+--------+--------+--------+-----+--------+

Top non-repeatable levels by time:
     D:2: 1189 daAuts
     D:3: 701 daAuts
     D:4: 673 daAuts
     D:1: 440 daAuts

Table legend:
 A = Non-vault XP
 B = Vault XP
 C = Vault XP percentage of total XP
 D = Non-vault monster count
 E = Vault monster count
 F = Vault count percentage of total count
                 A         B        C        D         E       F
            +---------+---------+-------+---------+---------+-------
      Total |     160 |      41 |  20.4 |      34 |       4 |  10.5
            +---------+---------+-------+---------+---------+-------
        D:1 |      15 |       4 |  21.1 |       8 |       2 |  20.0
        D:2 |      41 |       0 |   0.0 |      11 |       0 |   0.0
        D:3 |      25 |       2 |   7.4 |       7 |       1 |  12.5
        D:4 |      79 |      35 |  30.7 |       8 |       1 |  11.1
            +---------+---------+-------+---------+---------+-------
